 Dungeon Crawl Stone Soup version 0.26-a0-800-g517d6fe721 (webtiles) character file.

Game seed: 3880313369733789105

1365 lunkers the Frost Mage (level 8, -2/46 HPs)
             Began as an Octopode Ice Elementalist on Nov 11, 2020.
             Slain by a bullfrog skeleton (4 damage)
             ... on level 5 of the Dungeon.
             The game lasted 00:11:27 (6651 turns).

lunkers the Frost Mage (Octopode Ice Elementalist)  Turns: 6651, Time: 00:11:27

Health: -2/46      AC:  1    Str:  8    XL:     8   Next: 65%
Magic:  10/16      EV: 13    Int: 19    God:
Gold:   307        SH:  0    Dex: 12    Spells: 11/18 levels left

rFire    . . .     SeeInvis .   m - +0 dagger (venom)
rCold    . . .     Faith    .   (no shield)
rNeg     . . .     Spirit   .   (helmet restricted)
rPois    .         Reflect  .   (no amulet)
rElec    .         Harm     .   d - ring of protection from magic
rCorr    .         Rampage  .   (no ring)
MR       +....                  (no ring)
Stlth    +++.......             (no ring)
HPRegen  0.15/turn              (no ring)
MPRegen  0.15/turn              (no ring)
                                (no ring)
                                (no ring)

@: frozen ramparts
A: almost no armour, stealthy swim, amphibious, 8 rings, constrict 8, camouflage
1, gelatinous body 1
a: no special abilities


You were on level 5 of the Dungeon.
You visited 1 branch of the dungeon, and saw 5 of its levels.

You collected 307 gold pieces.

Inventory:

Hand Weapons
 m - a +0 dagger of venom (weapon)
Missiles
 i - 3 curare-tipped darts {=f}
Jewellery
 d - a ring of protection from magic (left tentacle)
 k - an uncursed amulet of faith
Scrolls
 a - 3 scrolls of remove curse {unknown}
 b - 6 scrolls of teleportation {unknown}
 c - 11 scrolls of identify {unknown}
 n - 2 scrolls of enchant armour {unknown}
 o - a scroll of enchant weapon {unknown}
 q - a scroll of fog {unknown}
Potions
 e - 3 potions of cancellation {unknown}
 f - 2 potions of attraction {unknown}
 g - 2 potions of lignification {unknown}
 h - 7 potions of curing {unknown}
 j - a potion of might {unknown}
 l - a potion of resistance {unknown}
 p - a potion of berserk rage {unknown}


   Skills:
 - Level 2.0 Dodging
 - Level 2.6 Stealth
 + Level 5.7 Spellcasting
 * Level 9.4 Ice Magic


You had 11 spell levels left.
You knew the following spells:

 Your Spells              Type           Power        Failure   Level
a - Freeze                Ice            ####         1%          1
b - Frozen Ramparts       Ice            #####.       1%          3
c - Ozocubu's Armour      Ice            #####...     1%          3

Your spell library contained the following spells:

 Spells                   Type           Power        Failure   Level
 Hailstorm                Conj/Ice       ###.....     17%         4
 Summon Ice Beast         Ice/Summ       ###.....     17%         4


Dungeon Overview and Level Annotations

Branches:
Dungeon (5/15)
 Temple: D:4-7

Altars:
Elyvilon
Gozag
Wu Jian
Yredelemnul

Annotations:
D:2 Terence
D:4 2 transporters, Sun's ghost, weakling KoDe


Innate Abilities, Weirdness & Mutations

You cannot wear most types of armour.
You are very stealthy in the water. (Stealth+)
You are amphibious.
You can wear up to eight rings at the same time.
You can use your tentacles to constrict eight enemies at once.
Your skin changes colour to match your surroundings (Stealth+).
Your rubbery body absorbs attacks. (AC +1, EV +1)


Message History

The puff of frost misses you.
The bullfrog skeleton resists.
The wall freezes the bullfrog skeleton.
The bullfrog skeleton barely misses you.
Okay, then.
You release your grip on the white imp.
The white imp resists.
The wall freezes the white imp.
The bullfrog skeleton completely resists.
The wall freezes the bullfrog skeleton but do no damage.
You hit the white imp but do no damage. Your grab misses the white imp.
The white imp is almost dead.
The bullfrog skeleton completely resists.
The wall freezes the bullfrog skeleton but do no damage.
The white imp resists.
The wall freezes the white imp.
You kill the white imp!
Unknown command.
The bullfrog skeleton resists.
The wall freezes the bullfrog skeleton.
The bullfrog skeleton resists.
The wall freezes the bullfrog skeleton.
The bullfrog skeleton closely misses you.
The bullfrog skeleton hits you.
You die...

# ##.$$$.## # #..#.#..##..#
# #.......'...$ #
####'#####..# ##### #(....#
....# ##)....## .##.#
#.)#.#..# ?
.##.#####.).#..Z########..$.
###
.^......#..#.#..@......'..#
#..
........##.....####'####.$#
### .........##...##....##
#.......####.##......##
.........# ###..#..#..####
##...###.# #...##...##.#
##.## #.#
#...##...##.######## ### #.#
#..#..#..##.##...... #.#
##......###.##.###.#


You could see a bullfrog skeleton.

Vanquished Creatures
  An orc warrior (D:4)
  A necrophage (D:5)
  4 ogres (D:5)
  A centaur (D:5)
  A scorpion (D:5)
  A howler monkey (D:5)
  A centaur zombie (D:5)
  A bullfrog zombie (D:5)
  2 jellies (D:5)
  2 hounds
  An orc priest (D:3)
  A bullfrog skeleton (D:4)
  A centaur skeleton (D:5)
  Jessica (D:3)
  An iguana (D:5)
  Ijyb (D:3)
  3 orc wizards
  2 worker ants (D:4)
  A hound zombie (D:5)
  6 adders
  2 shadow imps (D:5)
  3 white imps
  An ufetubus (D:5)
  An ooze (D:2)
  A worm (D:2)
  A dart slug (D:4)
  3 leopard geckos
  14 orcs
  4 giant cockroaches
  9 goblins
  3 hobgoblins
  9 jackals
  2 quokkas
  A bat (D:2)
  4 frilled lizards
  7 kobolds
  A leopard gecko skeleton (D:5)
  3 rats
102 creatures vanquished.

Vanquished Creatures (others)
  2 plants (D:2)
2 creatures vanquished.

Grand Total: 104 creatures vanquished

Notes
Turn   | Place    | Note
-------+----------+-------------------------------------------
     0 | D:1      | lunkers the Octopode Ice Elementalist began the quest for
                  | the Orb.
     0 | D:1      | Reached XP level 1. HP: 11/11 MP: 3/3
   316 | D:1      | Found a white marble altar of Elyvilon.
   624 | D:1      | Reached XP level 2. HP: 17/17 MP: 1/5
  1072 | D:2      | Noticed Terence
  1320 | D:2      | Reached XP level 3. HP: 13/21 MP: 0/6
  1325 | D:2      | Learned a level 3 spell: Frozen Ramparts
  1684 | D:2      | Found a basalt altar of Yredelemnul.
  1738 | D:2      | Found an ornate altar of the Wu Jian Council.
  1749 | D:2      | Reached skill level 5 in Ice Magic
  2218 | D:3      | Noticed Jessica
  2226 | D:3      | Killed Jessica
  2226 | D:3      | Reached XP level 4. HP: 27/27 MP: 5/8
  2227 | D:3      | Noticed Ijyb
  2229 | D:3      | Paralysed by Ijyb for 3 turns
  2240 | D:3      | Paralysed by Ijyb for 4 turns
  2242 | D:3      | Killed Ijyb
  2299 | D:3      | Reached XP level 5. HP: 31/31 MP: 7/9
  2829 | D:3      | Reached skill level 6 in Ice Magic
  3235 | D:4      | Found a transporter.
  3261 | D:4      | Reached XP level 6. HP: 30/36 MP: 7/11
  3329 | D:4      | Learned a level 3 spell: Ozocubu's Armour
  3813 | D:4      | Found an opulent altar of Gozag.
  4001 | D:4      | Noticed an orc warrior
  4075 | D:4      | Killed an orc warrior
  4117 | D:4      | Reached skill level 7 in Ice Magic
  4187 | D:4      | Noticed Sun's ghost (weakling KoDe)
  4188 | D:4      | Identified the +7 great mace of Foul Odors {flame, rPois
                  | Dex+2}
  4191 | D:4      | Found a transporter.
  4225 | D:4      | HP: 1/36 [white imp/puff of frost (11)]
  4607 | D:4      | Reached XP level 7. HP: 41/41 MP: 10/13
  4781 | D:5      | Entered Level 5 of the Dungeon
  5253 | D:5      | Reached skill level 8 in Ice Magic
  5834 | D:5      | Reached skill level 5 in Spellcasting
  5834 | D:5      | Reached XP level 8. HP: 35/46 MP: 10/15
  6527 | D:5      | Reached skill level 9 in Ice Magic
  6646 | D:5      | HP: 2/46 [bullfrog skeleton (7)]
  6651 | D:5      | Slain by a bullfrog skeleton

Illustrated notes

Levels and vault maps discovered:
D:1:      dpeg_arrival_water_altar, layout_basic
D:2:      layout_rooms, lemuel_crystal_altar, old_standard_altar, serial_forest,
          infiniplex_forest_straight_3, infiniplex_forest_lined_2,
          infiniplex_forest_end_2, infiniplex_forest_end_3,
          infiniplex_forest_lined_3, infiniplex_forest_lined_2,
          infiniplex_forest_straight_3, infiniplex_forest_clump_tiny,
          infiniplex_forest_clump_double, uniq_terence
D:3:      layout_basic, uniq_ijyb, uniq_jessica
D:4:      layout_gridville, gammafunk_ghost_smash,
          nicolae_gozag_cash_rules_everything_around_me
D:5:      minmay_polygon_palace, layout_loops_ring,
          gammafunk_temple_overflow_wave, minmay_temple_entry_offerings

Skill      XL: |  1  2  3  4  5  6  7  8 |
---------------+-------------------------+-----
Ice Magic      | 5 6 7 8 9 |  9.4
Spellcasting   | 3 4 5 |  5.7
Dodging        | |  2.0
Stealth        | |  2.6

Action                   |  1- 3 |  4- 6 |  7- 9 || total
-------------------------+-------+-------+-------++-------
Melee: Unarmed           |    13 |    15 |    48 ||    76
       Tentacles         |     2 |     4 |    23 ||    29
       Constrict         |     2 |     2 |    13 ||    17
       Dagger            |       |       |    46 ||    46
 Cast: Freeze            |    47 |    61 |    21 ||   129
       Frozen Ramparts   |       |     3 |    10 ||    13
       Ozocubu's Armour  |       |       |     4 ||     4
Evoke: Wand              |       |     1 |       ||     1
 Stab: Paralysed         |       |     4 |       ||     4
Armor: Skin              |     2 |     2 |    14 ||    18
Dodge: Dodged            |    36 |    30 |    64 ||   130

Table legend: (Time is in decaauts)
 A = Elapsed time spent in this place.
 B = Non-inter-level travel time spent in this place.
 C = Inter-level travel time spent in this place.
 D = Time resting spent in this place.
 E = Time spent auto-exploring this place.
 F = Levels seen in this place.
 G = Mean time per level.
                   A        B        C        D        E       F      G
               +--------+--------+--------+--------+--------+-----+--------+
         Total |   6651 |   6551 |    100 |     24 |   5405 |   5 | 1330.2 |
       Dungeon |   6651 |   6551 |    100 |     24 |   5405 |   5 | 1330.2 |
               +--------+--------+--------+--------+--------+-----+--------+

Top non-repeatable levels by time:
     D:5: 1838 daAuts
     D:4: 1577 daAuts
     D:1: 1174 daAuts
     D:3: 1148 daAuts
     D:2: 913 daAuts
